 Dungeon Crawl Stone Soup version 0.28.0-53-g5a82cb258f (webtiles) character file.

Game seed: 15098088353684687299

67 Revguard the Chopper (level 4, -4/35 HPs)
             Began as a Demonspawn Berserker on June 14, 2022.
             Was a Believer of Trog.
             Slain by Jessica
             ... wielding a +2 dagger of holy wrath
              (8 damage)
             ... on level 2 of the Dungeon.
             The game lasted 00:02:59 (1314 turns).

Revguard the Chopper (Demonspawn Berserker)         Turns: 1314, Time: 00:03:00

Health: -4/35      AC:  7    Str: 20    XL:     4   Next: 0%
Magic:  0/4        EV: 12    Int:  8    God:    Trog [**....]
Gold:   31         SH:  0    Dex: 12    Spells: 3/3 levels left

rFire   . . .      SeeInvis .   a - +0 hand axe
rCold   . . .      Faith    .   (no shield)
rNeg    . . .      Spirit   +   b - +0 animal skin
rPois   .          Reflect  .   i - +2 helmet
rElec   .          Harm     .   (no cloak)
rCorr   .          Rampage  .   (no gloves)
Will    .....                   (no boots)
Stlth   +.........              g - amulet of guardian spirit
HPRegen 0.11/turn               (no ring)
MPRegen 0.09/turn               (no ring)

@: on berserk cooldown, slowed, very slow
A: hooves 1, slimy green scales 1
a: Renounce Religion, Berserk, Trog's Hand


You were on level 2 of the Dungeon.
You worshipped Trog.
Trog was pleased with you.
You visited 1 branch of the dungeon, and saw 2 of its levels.

You collected 31 gold pieces.

Inventory:

Hand Weapons
 a - a +0 hand axe (weapon)
Armour
 b - a +0 animal skin (worn)
 i - a +2 helmet (worn)
Jewellery
 g - an amulet of guardian spirit (around neck)
Scrolls
 c - a scroll of immolation {unknown}
 j - a scroll of magic mapping {unknown}
Potions
 d - a potion of flight {unknown}
 e - a potion of lignification {unknown}
 f - 2 potions of ambrosia {unknown}
 h - a potion of attraction {unknown}


   Skills:
 + Level 3.3 Fighting
 * Level 3.3 Axes
 * Level 2.5 Armour
 + Level 2.1 Dodging
 + Level 1.2 Evocations


You had 3 spell levels left.
You didn't know any spells.
Your spell library was empty.

Dungeon Overview and Level Annotations

Branches:
Dungeon (2/15)

Altars:

Annotations:
D:2 Jessica


Innate Abilities, Weirdness & Mutations

You have large cloven feet.
You are partially covered in slimy green scales. (AC +2)


Message History

You barely miss the goblin. You slash the goblin!
You kill the goblin!
Trog accepts your kill.
You can now call upon Trog for regeneration and willpower.
You hit the kobold.
You kill the kobold!
Trog accepts your kill.
You barely miss the goblin. The goblin hits you but does no damage.
You slash the goblin!
You kill the goblin!
Trog accepts your kill.
You have reached level 4!
You feel stronger.
Your demonic ancestry asserts itself...
Slimy green scales grow over part of your body.
A sourceless malevolence fills the Dungeon... and a teleportation trap spontaneously manifests!
You are yanked towards a nearby monster!
Your surroundings suddenly seem different.
Jessica the Apprentice Sorceress comes into view.
She is wielding a +2 dagger of holy wrath and carrying a wand of digging (6).
Found 12 gold pieces and a scroll labelled ZIARIF MIOPIS.
Jessica shouts!
You feel a strong urge to attack something.
Jessica mumbles some strange words.
Jessica seems to speed up.
Jessica hits you with a +2 dagger of holy wrath.
You convulse.
You barely miss Jessica.
Jessica hits you with a +2 dagger of holy wrath.
You convulse.
* * * LOW HITPOINT WARNING * * *
You closely miss Jessica. Your kick misses Jessica.
You are no longer berserk.
You are exhausted.
You feel yourself slow down. Jessica closely misses you.
Jessica says, "Why did you come here?" Jessica closely misses you.
You closely miss Jessica. Your kick misses Jessica.
Jessica hits you with a +2 dagger of holy wrath.
* * * LOW HITPOINT WARNING * * *
You convulse!
You die...

P⌠. #.......)†).... ...
#.............. # .P
###..........$. #P
.###P.............
.P####...P.............
.##PP..P≈≈..............
..PP?....P...##.........
....$........##.........
#......@.#....#
#.....@#.........
.......#.........
#......#.........
#......#.........
#......####.#.###
#...... .#... #...... .#
##


You could see Jessica (fast).

Vanquished Creatures
  Robin (D:2)
  An adder (D:2)
  A dart slug (D:1)
  2 ball pythons
  4 bats
  3 endoplasms (D:1)
  3 giant cockroaches (D:1)
  8 goblins (D:2)
  9 hobgoblins
  3 kobolds
  A quokka (D:1)
  2 rats (D:1)
38 creatures vanquished.

Vanquished Creatures (others)
  4 plants (D:1)
4 creatures vanquished.

Grand Total: 42 creatures vanquished

Notes
Turn   | Place    | Note
-------+----------+-------------------------------------------
     0 | D:1      | Revguard the Demonspawn Berserker began the quest for the
                  | Orb.
     0 | D:1      | Reached XP level 1. HP: 18/18 MP: 1/1
   294 | D:1      | Gained mutation: You have large cloven feet. [demonic
                  | ancestry]
   294 | D:1      | Reached XP level 2. HP: 24/24 MP: 2/2
   989 | D:1      | Reached XP level 3. HP: 26/29 MP: 3/3
  1293 | D:2      | Noticed Robin
  1303 | D:2      | Reached skill level 1 in Evocations
  1306 | D:2      | Killed Robin
  1306 | D:2      | Reached ** piety under Trog
  1309 | D:2      | Gained mutation: You are partially covered in slimy green
                  | scales. (AC +2) [demonic ancestry]
  1309 | D:2      | Reached XP level 4. HP: 23/35 MP: 1/4
  1309 | D:2      | Noticed Jessica
  1314 | D:2      | Slain by Jessica

Illustrated notes

Levels and vault maps discovered:
D:1:      nzn_arrival_settlement, layout_rooms, serial_forest,
          infiniplex_forest_lined_1, infiniplex_forest_clump_double,
          infiniplex_forest_split, infiniplex_forest_straight_4,
          infiniplex_forest_clump_long, infiniplex_forest_straight_3,
          solitary_fountain
D:2:      layout_rooms, shapermc_ecumenical_altar_mp_ritualfount, uniq_robin,
          uniq_jessica

Skill      XL: |  1  2  3 |
---------------+----------+-----
Armour         | 2 |  2.5
Axes           | 3 |  3.3
Dodging        | 2 |  2.1
Evocations     | 1 |  1.2
Fighting       | |  3.3

Action                   |  1- 3 |  4- 6 || total
-------------------------+-------+-------++-------
Melee: Hand axe          |    67 |     3 ||    70
       Kick              |    16 |       ||    16
Invok: Berserk           |     2 |       ||     2
 Stab: Sleeping          |     3 |       ||     3
Armor: Animal skin       |    25 |       ||    25
Dodge: Dodged            |    50 |     2 ||    52
